 Dungeon Crawl Stone Soup version 0.30-a0-870-gc5d4c5acee (webtiles) character file.

Game seed: 8162986472035437339

3457 cforsyth the Protected (level 10, -6/69 (74) HPs)
             Began as a Barachi Ice Elementalist on Mar 11, 2023.
             Was a Believer of Cheibriados.
             Mangled by a wight
             ... wielding a +3 great sword
              (8 damage)
             ... on level 8 of the Dungeon.
             The game lasted 00:22:54 (8663 turns).

cforsyth the Protected (Barachi Ice Elementalist)   Turns: 8663, Time: 00:22:55

HP:   -6/69 (74)    AC: 11    Str: 19    XL:     10   Next: 6%
MP:   16/20         EV: 12    Int: 19    God:    Cheibriados [**....]
Gold: 407           SH:  0    Dex: 16    Spells: 12/23 levels left

rFire   . . .      SeeInvis .    H - +4 scythe (freeze)
rCold   + . .      Faith    .    (shield currently unavailable)
rNeg    + . .      Spirit   .    I - +2 leather armour {rC+}
rPois   .          Reflect  .    p - +2 hat
rElec   .          Rampage  .    (no cloak)
rCorr   .                        y - +0 pair of gloves
Will    .....                    i - +0 pair of boots
Stlth   ++                       B - amulet of magic regeneration
HPRegen 0.31/turn                q - ring of positive energy
MPRegen 0.57/turn                (no ring)

@: unable to hop, drained, very slow
A: amphibious, slowness 1, strong legs 1, +LOS
a: Hop, Renounce Religion, Bend Time


You were on level 8 of the Dungeon.
You worshipped Cheibriados.
Cheibriados was pleased with you.
You visited 2 branches of the dungeon, and saw 9 of its levels.

You collected 407 gold pieces.

Inventory:

Hand Weapons
 g - a +2 short sword of draining
 H - a +4 scythe of freezing (weapon)
Missiles
 z - a throwing net
Armour
 a - a +0 robe
 c - a +0 pair of boots
 f - a +0 helmet
 i - a +0 pair of boots (worn)
 p - a +2 hat (worn)
 v - a +0 ring mail
 y - a +0 pair of gloves (worn)
 I - a +2 leather armour of cold resistance (worn)
Jewellery
 n - the ring of Ohaips {Fire rElec rPois rN+ Dex+3}
   (You found it on level 2 of the Dungeon)

   [ring of fire]

   It enhances your fire magic.
   Dex:       It affects your dexterity (+3).
   rF:        It protects you from fire.
   rC:        It makes you vulnerable to cold.
   rElec:     It insulates you from electricity.
   rPois:     It protects you from poison.
   rN:        It protects you from negative energy.
 q - a ring of positive energy (left hand)
 B - an amulet of magic regeneration (around neck)
Wands
 D - a wand of charming (9)
 F - a wand of roots (6)
 J - a wand of digging (6)
Scrolls
 e - a scroll of enchant armour {unknown}
 k - 6 scrolls of identify {unknown}
 l - 2 scrolls of magic mapping {unknown}
 o - 5 scrolls of teleportation {unknown}
 r - 2 scrolls of poison {unknown}
 s - 2 scrolls of silence {unknown}
 t - a scroll of noise {unknown}
 u - 2 scrolls of vulnerability {unknown}
 x - a scroll of immolation {unknown}
 C - 2 scrolls of fog {unknown}
 G - a scroll of brand weapon {unknown}
 L - a scroll of torment {unknown}
 M - a scroll of fear {unknown}
 N - a scroll of butterflies {unknown}
 O - a scroll of enchant weapon {unknown}
Potions
 b - a potion of magic
 d - a potion of might {unknown}
 j - a potion of ambrosia {unknown}
 w - a potion of haste {unknown}
 A - a potion of resistance {unknown}
 E - a potion of lignification {unknown}
 K - a potion of attraction {unknown}


   Skills:
 + Level 5.1 Fighting
 + Level 10.2 Armour
 - Level 2.1 Dodging
 - Level 1.7 Stealth
 - Level 7.1 Spellcasting
 + Level 3.0 Translocations
 - Level 9.5 Ice Magic


You had 12 spell levels left.
You knew the following spells:

 Your Spells              Type           Power      Damage    Failure   Level
a - Freeze                Ice            100%       1d10      1%          1
b - Frozen Ramparts       Ice            86%        1d13      1%          3
c - Ozocubu's Armour      Ice            43%        N/A       1%          3
d - Passage of Golubria   Tloc           18%        N/A       32%         4

Your spell library contained the following spells:

 Spells                   Type           Power      Damage    Failure   Level
 Ensorcelled Hibernation  Hex/Ice        48%        N/A       2%          2
 Summon Ice Beast         Ice/Summ       24%        N/A       16%         4
 Call Imp                 Summ           6%         N/A       17%         2
 Passwall                 Tmut/Erth      5%         N/A       17%         2
 Manifold Assault         Tloc           18%        N/A       32%         4
 Swiftness                Air            6%         N/A       34%         3
 Summon Forest            Summ/Tloc      6%         N/A       86%         5
 Silence                  Hex/Air        3%         N/A       97%         5
 Summon Mana Viper        Hex/Summ       6%         N/A       97%         5
 Dispersal                Tloc           9%         N/A       99%         6
 Summon Cactus Giant      Summ           3%         N/A       100%        6
 Summon Hydra             Summ           3%         N/A       100%        7
 Disjunction              Tloc           9%         N/A       100%        8
 Lehudib's Crystal Spear  Conj/Erth      3%         10d2      100%        8


Dungeon Overview and Level Annotations

Branches:
Dungeon (8/15)             Temple (1/1) D:6
   Lair: D:8-11

Altars:
Ashenzari
Cheibriados
Dithmenos
Fedhas
Gozag
Hepliaklqana
Kikubaaqudgha
Makhleb
Nemelex Xobeh
Okawaru
Qazlal
Sif Muna
Trog
Uskayaw
Wu Jian
Xom
Yredelemnul
Zin

Shops:
D:2 (


Innate Abilities, Weirdness & Mutations

You are amphibious.
You cover ground slowly.
You can hop short distances.
You have an extended range of vision and can be seen from far away.


Message History

You hit the wight.
You destroy the wight!
Cheibriados appreciates the change of pace.
The frozen ramparts melt away.
The wight hits you with a +3 great sword.
* * * LOW HITPOINT WARNING * * *
The wight hits you but does no damage. x2; You are electrocuted!
* * * LOW HITPOINT WARNING * * *
The wight closely misses you.
Your Translocations skill increases to level 3!
You feel much better. The wight barely misses you.
The wight hits you with a +1 dagger of electrocution.
* * * LOW HITPOINT WARNING * * *
Hop to where?
Press: ? - help, Dir - move target Your icy armour will break if you move.
Continue?
Your icy armour cracks and falls away as you move.
Boing!
The wight closely misses you.
The wight hits you with a +1 dagger of electrocution.
* * * LOW HITPOINT WARNING * * *
Found an encrusted jade ring.
The wight hits you with a +3 great sword!
* * * LOW HITPOINT WARNING * * *
You partially resist.
You feel drained.
It was a potion of curing.
You feel better.
The wight hits you with a +3 great sword.
* * * LOW HITPOINT WARNING * * *
You feel better.
The wight hits you with a +3 great sword!
* * * LOW HITPOINT WARNING * * *
You partially resist.
You feel drained.
* * * LOW HITPOINT WARNING * * *
Okay, then.
Casting: Ozocubu's Armour (safe; 1% risk of failure)
Confirm with . or Enter, or press ? or * to list all spells.
The spell is quite dangerous to miscast (32% risk of failure)!
Continue anyway?
Aiming: Passage of Golubria (quite dangerous; 32% risk of failure)
Press: ? - help, Dir - move target The wight hits you with a +3 great sword!
You die...

......# #....###.....# #. #.##..#
#...#.......# ... #.#...#
#...#..$....#... ..>#..#
#.(.#.......#..
.#....###....###.....###. .###.
...#.# #.......)#.......#.. ..$..
#.##.# #.......z#......=#... ....
#.##.###.......z#.......# ... ...
#.....)).....###@.^..# #.....###.
####)####...#^......#.......#...#
.....# #...#.......#.......#...#
###### #...#.......#.......#...#
# #####.....###.....###.....
########........#.......#........
................#.......#........
########........#. .....#........
## #####....####....###....#


You could see 2 wights.

Vanquished Creatures
  A hornet (D:6)
  Sigmund (D:4)
  Eustachio (D:5)
  A steam dragon (D:8)
  Menkaure (D:4)
  2 water moccasins
  A sky beast (D:6)
  2 black bears (D:7)
  2 ogres
  3 centaurs
  A gnoll sergeant (D:8)
  5 scorpions
  11 wights
  4 jellies
  4 hounds
  3 orc priests
  2 sleepcaps
  2 iguanas
  6 orc wizards
  10 gnolls
  6 adders
  A white imp (D:6)
  An ufetubus (D:4)
  A worm (D:3)
  2 dart slugs (D:2)
  25 orcs
  5 ball pythons
  4 endoplasms
  A giant cockroach (D:3)
  5 goblins
  9 hobgoblins
  3 jackals (D:5)
  6 quokkas
  4 bats
  4 frilled lizards
  8 kobolds
  2 rats (D:1)
150 creatures vanquished.

Vanquished Creatures (collateral kills)
  A wight (D:6)
1 creature vanquished.

Grand Total: 151 creatures vanquished

Notes
Turn   | Place    | Note
-------+----------+-------------------------------------------
     0 | D:1      | cforsyth the Barachi Ice Elementalist began the quest for
                  | the Orb.
     0 | D:1      | Reached XP level 1. HP: 13/13 MP: 3/3
    68 | D:1      | Reached skill level 5 in Ice Magic
   145 | D:1      | Reached XP level 2. HP: 17/19 MP: 0/5
   897 | D:2      | Reached XP level 3. HP: 24/24 MP: 7/7
  1141 | D:2      | Found Myonk's Weapon Shop.
  1162 | D:2      | Identified the ring of Ohaips {Fire rElec rPois rN+ Dex+3}
  1173 | D:2      | Reached skill level 1 in Armour
  1450 | D:3      | Reached XP level 4. HP: 25/30 MP: 4/8
  1494 | D:3      | Learned a level 3 spell: Frozen Ramparts
  1540 | D:3      | Reached skill level 2 in Armour
  1836 | D:3      | Reached skill level 3 in Armour
  2222 | D:3      | Reached XP level 5. HP: 35/35 MP: 5/9
  2597 | D:3      | Reached skill level 4 in Armour
  3258 | D:4      | Reached XP level 6. HP: 39/41 MP: 6/11
  3345 | D:4      | Found a stormy altar of Qazlal.
  3447 | D:4      | Noticed Sigmund
  3481 | D:4      | Killed Sigmund
  3482 | D:4      | Reached skill level 5 in Armour
  3980 | D:4      | Reached XP level 7. HP: 45/46 MP: 8/13
  3987 | D:4      | Learned a level 3 spell: Ozocubu's Armour
  4345 | D:4      | Noticed Menkaure
  4353 | D:4      | Killed Menkaure
  4354 | D:4      | Reached skill level 6 in Armour
  4722 | D:5      | Entered Level 5 of the Dungeon
  4745 | D:5      | Reached skill level 5 in Spellcasting
  5001 | D:5      | Noticed Eustachio
  5013 | D:5      | Killed Eustachio
  5014 | D:5      | Reached XP level 8. HP: 32/52 MP: 7/15
  5322 | D:5      | Reached skill level 7 in Armour
  5647 | D:6      | Found an ornate altar of the Wu Jian Council.
  5889 | D:6      | Found a staircase to the Ecumenical Temple.
  5921 | Temple   | Entered the Ecumenical Temple
  5976 | Temple   | Became a worshipper of Cheibriados the Contemplative
  5991 | D:6      | Noticed a hornet
  5997 | D:6      | Killed a hornet
  5998 | D:6      | Reached skill level 8 in Armour
  5998 | D:6      | Reached XP level 9. HP: 49/57 MP: 12/19
  7138 | D:6      | Found a sparkling altar of Nemelex Xobeh.
  7362 | D:7      | Reached skill level 1 in Fighting
  7571 | D:7      | Reached skill level 9 in Armour
  7581 | D:7      | Reached * piety under Cheibriados
  7798 | D:7      | Found a shadowy altar of Dithmenos.
  8134 | D:8      | Learned a level 4 spell: Passage of Golubria
  8181 | D:8      | Reached skill level 1 in Translocations
  8315 | D:8      | Got Sarudeh's Secrets of Summoned Congelation
  8617 | D:8      | Reached skill level 10 in Armour
  8622 | D:8      | Reached XP level 10. HP: 66/71 MP: 20/20
  8651 | D:8      | Reached ** piety under Cheibriados
  8652 | D:8      | Reached skill level 5 in Fighting
  8662 | D:8      | HP: 3/71 [wight/+3 great sword (9)]
  8663 | D:8      | Mangled by a wight

Illustrated notes

Levels and vault maps discovered:
D:1:      roderic_octagonal_star, layout_rooms, serial_bayou_pond_c
D:2:      layout_rooms, serial_shops, shop, kennysheep_big_empty_room,
          corexii_shack, minmay_tripent
D:3:      minmay_spotlight, layout_loops_cross
D:4:      cheibrodos_pilgrimage, layout_basic, nicolae_qazlal_eye_of_the_storm,
          kennysheep_generic_room_8, uniq_menkaure, uniq_sigmund
D:5:      layout_cave_pools, uniq_eustachio
D:6:      layout_rooms, nemelex_dance_club_becter, nicolae_wu_jian_wuxing_cycle,
          minmay_temple_entry_slanted
D:7:      layout_basic, grunt_dithmenos_smoke_and_mirrors
D:8:      nicolae_hitomezashi [nicolae_hito_row, nicolae_hito_row,
          nicolae_hito_row, nicolae_hito_row, nicolae_hito_row,
          nicolae_hito_row, nicolae_hito_row, nicolae_hito_row,
          nicolae_hito_row, nicolae_hito_row, nicolae_hito_row,
          nicolae_hito_row, nicolae_hito_row, nicolae_hito_row,
          nicolae_hito_row, nicolae_hito_row, nicolae_hito_row,
          nicolae_hito_row], layout_loops_ring
Temple:   nicolae_temple_ecumenical_triangle

Skill      XL: |  1  2  3  4  5  6  7  8  9 10 |
---------------+-------------------------------+-----
Ice Magic      | 5 6 7 9 |  9.5
Spellcasting   | 3 4 5 6 7 |  7.1
Armour         | 1 3 4 5 6 8 10 | 10.2
Fighting       | 4 5 |  5.1
Translocations | 2 3 |  3.0
Dodging        | |  2.1
Stealth        | |  1.7

Action                     |  1- 3 |  4- 6 |  7- 9 | 10-12 || total
---------------------------+-------+-------+-------+-------++-------
  Melee: Unarmed           |     6 |       |       |       ||     6
         Punch             |     2 |       |       |       ||     2
         Short sword       |     3 |     4 |    24 |       ||    31
         Halberd           |       |       |    55 |     8 ||    63
   Cast: Freeze            |    48 |    27 |   141 |       ||   216
         Frozen Ramparts   |       |    28 |    59 |     1 ||    88
         Ozocubu's Armour  |       |       |    16 |     1 ||    17
         Passage of Golubr |       |       |       |     1 ||     1
Ability: Hop               |       |       |       |     1 ||     1
  Evoke: Wand              |       |       |     3 |       ||     3
    Use: Potion            |       |     2 |       |     3 ||     5
 Armour: Robe              |    16 |     5 |       |       ||    21
         Ring mail         |       |     6 |    63 |       ||    69
         Leather armour    |       |       |    37 |    11 ||    48
  Dodge: Dodged            |    32 |    20 |   154 |    17 ||   223

Table legend: (Time is in decaauts)
 A = Elapsed time spent in this place.
 B = Non-inter-level travel time spent in this place.
 C = Inter-level travel time spent in this place.
 D = Time resting spent in this place.
 E = Time spent auto-exploring this place.
 F = Levels seen in this place.
 G = Mean time per level.
                   A        B        C        D        E       F      G
               +--------+--------+--------+--------+--------+-----+--------+
         Total |  10024 |   9253 |    771 |   1766 |   6068 |   9 | 1113.8 |
       Dungeon |   9944 |   9200 |    744 |   1766 |   6020 |   8 | 1243.0 |
        Temple |     80 |     53 |     27 |      0 |     48 |   1 |   80.0 |
               +--------+--------+--------+--------+--------+-----+--------+

Top non-repeatable levels by time:
     D:4: 1932 daAuts
     D:6: 1634 daAuts
     D:3: 1566 daAuts
     D:7: 1247 daAuts
     D:5: 1192 daAuts
     D:2: 878 daAuts
     D:1: 833 daAuts
     D:8: 658 daAuts
  Temple: 80 daAuts
